 Dungeon Crawl Stone Soup version 0.20.0-15-g7f486f2 (webtiles) character file.

21 rezek the Caller (level 2, 6/19 HPs)
             Began as a Barachi Summoner on June 22, 2017.
             Got out of the dungeon alive.
             The game lasted 00:03:43 (672 turns).

rezek the Caller (Barachi Summoner)                  Turns: 672, Time: 00:03:44

Health: 6/19       AC:  2    Str:  9    XL:     2   Next: 83%
Magic:  5/5        EV: 12    Int: 15    God:
Gold:   21         SH:  0    Dex: 14    Spells: 4/5 levels left

rFire    . . .     SeeInvis .   i - +0 spear
rCold    . . .     Gourm    .   (no shield)
rNeg     . . .     Faith    .   a - +0 robe
rPois    .         Spirit   .   (no helmet)
rElec    .         Reflect  .   (no cloak)
rCorr    .         Harm     .   (no gloves)
MR       .....                  (no boots)
Stlth    ++........             (no amulet)
Regen    0.1/turn               d - +2 ring of slaying
MPRegen  0.1/turn               (no ring)

@: slow
A: +LOS, swims, agile 1, screaming 1, slowness 1, no potion heal 1, strong legs
1
a: Hop


You escaped.
You were not hungry.

You visited 1 branch of the dungeon, and saw 1 of its levels.

You collected 21 gold pieces.

Inventory:

Hand Weapons
 i - a +0 spear (weapon)
Armour
 a - a +0 robe (worn)
Jewellery
 d - a +2 ring of slaying (left hand)
Scrolls
 e - a scroll of fog {unknown}
 g - a scroll of remove curse {unknown}
 h - a scroll of identify {unknown}
Books
 b - a book of Callings

   Spells                             Type                      Level
   a - Summon Small Mammal            Summoning                    1
   b - Call Imp                       Summoning                    2
   c - Call Canine Familiar           Summoning                    3
   d - Summon Guardian Golem          Hexes/Summoning              3
   e - Summon Lightning Spire         Summoning/Air                4
   f - Summon Ice Beast               Ice/Summoning                4
Comestibles
 c - a bread ration
 f - 2 chunks of flesh


   Skills:
   Level 0.2 Short Blades
 - Level 2.1 Dodging
 - Level 1.7 Stealth
 + Level 2.4 Spellcasting
 + Level 5.5 Summonings


You had 4 spell levels left.
You knew the following spells:

 Your Spells              Type           Power        Failure   Level  Hunger
a - Summon Small Mammal   Summ           ###.         2%          1    #......


Dungeon Overview and Level Annotations

Branches:
Dungeon (1/15)

Altars:


Innate Abilities, Weirdness & Mutations

Shadows flee at your approach. (+LOS)
You can swim through water.
You cover ground slowly.
You can hop short distances.
You are agile. (Dex +2)
You occasionally shout uncontrollably at your foes.
Potions are less effective at restoring your health.


Message History

The giant cockroach bites you.
The kobold throws a stone.
The stone hits you.
You see here a stone.
The giant cockroach closely misses you. The giant cockroach misses you.
The kobold closely misses you.
The giant cockroach splashes around in the water.
The kobold throws a stone.
The stone barely misses you.
You hear a splash.
The giant cockroach barely misses you. The giant cockroach misses you. x2
You see here a stone.
The giant cockroach bites you.
There is a large open door here.
The kobold closely misses you.
There is a staircase leading out of the dungeon here.
You can't go down here!
Are you sure you want to leave the Dungeon?
This will make you lose the game! The kobold hits you.
The giant cockroach bites you but does no damage.
You have escaped!

.##..###
#.....##.....#
...#.#.#
##....########
...#.#.######.....####
........(#.≈≈≈≈≈≈≈≈≈≈#
.......#.(.≈8)≈≈≈≈≈8≈#
...##.....)≈≈8≈≈≈≈8≈≈#
...........≈≈≈####≈≈≈#
.).###.##.§§§≈'s.#≈≈≈#
...# #.##..≈§('K@#≈≈≈#
...# #.##..§§≈####≈≈≈#
.... #.##..≈≈8≈≈≈≈8≈≈#
###.##..###≈8≈≈≈≈≈≈8≈#
###.###(###≈≈≈§§≈≈≈≈≈#
.##.......#####....###
.#######.......#####
.# #.#####....# .# #.#
####.#


You could see a giant cockroach and a kobold.

Vanquished Creatures
  An ooze (D:1)
  A dart slug (D:1)
  2 bats (D:1)
  3 hobgoblins (D:1)
  2 frilled lizards (D:1)
  A goblin (D:1)
  A kobold (D:1)
  A rat (D:1)
12 creatures vanquished.

Vanquished Creatures (collateral kills)
  A goblin (D:1)
  A hobgoblin (D:1)
  2 kobolds (D:1)
4 creatures vanquished.

Grand Total: 16 creatures vanquished

Notes
Turn   | Place    | Note
-------+----------+-------------------------------------------
     0 | D:1      | rezek the Barachi Summoner began the quest for the Orb.
     0 | D:1      | Reached XP level 1. HP: 13/13 MP: 3/3
   192 | D:1      | Reached skill level 5 in Summonings
   302 | D:1      | Reached XP level 2. HP: 19/19 MP: 3/5
   589 | D:1      | Gained mutation: You occasionally shout uncontrollably at your foes. [potion of mutation]
   589 | D:1      | Gained mutation: Potions are less effective at restoring your health. [potion of mutation]
   589 | D:1      | Gained mutation: You are agile. (Dex +2) [potion of mutation]
   672 | D:$      | Got out of the dungeon alive.

Skill      XL: |  1 |
---------------+----+-----
Summonings     | 5 |  5.5
Short Blades   | |  0.2
Dodging        | |  2.1
Stealth        | |  1.7
Spellcasting   | |  2.4

Action                   || total
-------------------------++-------
Melee: Club              ||    14
       Unarmed           ||     7
       Short sword       ||    24
 Cast: Summon Small Mamm ||     5
  Use: Potion            ||     1
Armor: Robe              ||     9
Dodge: Dodged            ||    49
